 Dungeon Crawl Stone Soup version 0.28-a0-769-g550dbda0cd (webtiles) character file.

Game seed: 4994051186110198798

49 elagabalus the Gusty (level 3, 12/19 HPs)
             Began as a Tengu Air Elementalist on Oct 10, 2021.
             Quit the game on level 1 of the Dungeon on Oct 31, 2021.
             The game lasted 00:11:31 (1052 turns).

elagabalus the Gusty (Tengu Air Elementalist)       Turns: 1052, Time: 00:11:32

Health: 12/19      AC:  4    Str:  8    XL:     3   Next: 77%
Magic:  2/7        EV: 12    Int: 16    God:
Gold:   40         SH:  0    Dex: 14    Spells: 2/6 levels left

rFire   . . .      SeeInvis .   b - staff of earth
rCold   + . .      Faith    +   (no shield)
rNeg    . . .      Spirit   .   a - +0 robe
rPois   .          Reflect  .   (helmet restricted)
rElec   .          Harm     .   (no cloak)
rCorr   .          Rampage  .   e - +1 pair of gloves {archery}
Will    .....                   (boots unavailable)
Stlth   ++........              f - amulet of faith
HPRegen 0.06/turn               c - ring of protection from cold
MPRegen 0.10/turn               (no ring)

@: no status effects
A: beak, talons 3
a: no special abilities


You were on level 1 of the Dungeon.
You visited 1 branch of the dungeon, and saw 2 of its levels.

You collected 40 gold pieces.

Inventory:

Missiles
 d - 20 stones
Armour
 a - a +0 robe (worn)
 e - a +1 pair of gloves of archery (worn)
Magical Staves
 b - a staff of earth (weapon)
Jewellery
 c - a ring of protection from cold (left hand)
 f - an amulet of faith (around neck)
Potions
 g - a potion of resistance {unknown}
 h - a potion of degeneration {unknown}


   Skills:
 - Level 2.1 Dodging
 - Level 2.0 Stealth
 - Level 2.0 Spellcasting
 - Level 1.3 Conjurations
 * Level 6.1 Air Magic


You had 2 spell levels left.
You knew the following spells:

 Your Spells              Type           Power      Damage    Failure   Level
a - Shock                 Conj/Air       52%        1d6       4%          1
b - Swiftness             Air            21%        N/A       4%          3

Your spell library contained the following spells:

 Spells                   Type           Power      Damage    Failure   Level
 Static Discharge         Conj/Air       13%        N/A       7%          2
 Airstrike                Air            10%        N/A       17%         4


Dungeon Overview and Level Annotations

Branches:
Dungeon (2/15)

Altars:

Shops:
D:1 !


Innate Abilities, Weirdness & Mutations

You have a beak for a mouth.
You have claws for feet.


Message History

The adder bites you but does no damage.
Aiming: Shock (safe; 4% risk of failure)
Press: ? - help, Q - select action, (/) - cycle Shift-Dir - straight line, f/p - adder
Aim: an adder (heavily wounded, 48% to hit)
The zap misses the adder.
The adder closely misses you. The adder barely misses you.
Unknown command.
Aiming: Shock (safe; 4% risk of failure)
Press: ? - help, Q - select action, (/) - cycle Shift-Dir - straight line, f/p - adder
Aim: an adder (heavily wounded, 48% to hit)
The zap misses the adder.
The adder bites you. The adder bites you.
Found a stone staircase leading down.
The adder bites you.
You are poisoned.
The adder poisons you!
There is a stone staircase leading up here.
You feel sick. The adder closely misses you. The adder barely misses you.
You climb upwards.
You feel sick.
There is a stone staircase leading down here.
Aiming: Shock (safe; 4% risk of failure)
Press: ? - help, Q - select action, (/) - cycle Shift-Dir - straight line, f - adder
Aim: an adder (heavily wounded, 48% to hit)
The zap hits the adder.
The adder is almost dead.
You feel sick.
You are no longer poisoned.
The adder misses you.
You closely miss the adder.
The adder is almost dead.
The adder barely misses you.
You hit the adder.
You kill the adder!
Your Air Magic skill increases to level 6!
Casting: Shock (safe; 4% risk of failure)
Confirm with . or Enter, or press ? or * to list all spells.
Okay, then.
Welcome back, elagabalus the Tengu Air Elementalist.
Press ? for a list of commands and other information.
Are you sure you want to abandon this character and quit the game? (Confirm with "yes".)

#....#..........########.
#....#..............#####
#..............>....##...
#...).≈≈≈.+#.............
##.....≈_≈..#.............
#......≈≈≈..#.............
#..........##.............
#.........................
#........@.....##........#
#..........##..##........#
#..........##............#
##....##......∩...........#
#......'.......##......####
#.#'####...##..##......####
#..........##..........#...
#####......#.##........#...
#......#.##......).#...


There were no monsters in sight!

Vanquished Creatures
  A gnoll (D:1)
  An adder (D:1)
  3 dart slugs (D:1)
  An endoplasm (D:1)
  3 giant cockroaches
  2 goblins (D:1)
  3 hobgoblins
  4 kobolds
  3 bats
  A frilled lizard (D:1)
  3 rats (D:1)
25 creatures vanquished.

Notes
Turn   | Place    | Note
-------+----------+-------------------------------------------
     0 | D:1      | elagabalus the Tengu Air Elementalist began the quest for
                  | the Orb.
     0 | D:1      | Reached XP level 1. HP: 10/10 MP: 4/4
   253 | D:1      | Reached XP level 2. HP: 11/15 MP: 0/6
   381 | D:1      | Reached skill level 5 in Air Magic
   440 | D:1      | Found Fuzage's Distillery.
   441 | D:1      | Found a faded altar of an unknown god.
   474 | D:1      | Reached XP level 3. HP: 14/19 MP: 0/7
   532 | D:1      | Learned a level 3 spell: Swiftness
  1035 | D:1      | Reached skill level 6 in Air Magic
  1052 | D:1      | Upgraded the game from 0.28-a0-631-g0446da8ef9 to
                  | 0.28-a0-769-g550dbda0cd
  1052 | D:1      | Quit the game

Illustrated notes

Levels and vault maps discovered:
D:1:      minmay_arrival_plants_in_alcoves, layout_basic, serial_shops,
          nicolae_square_shop, serial_rivers, chequers_serial_rivers_micro_a,
          chequers_serial_rivers_small_a, chequers_serial_rivers_room_a,
          chequers_serial_rivers_micro_e,
          hellmonk_ecumenical_altar_pennies_from_heaven
D:2:      layout_rooms, minmay_pentomino_o4, uniq_jessica

Skill      XL: |  1  2  3 |
---------------+----------+-----
Air Magic      | 5 6 |  6.1
Dodging        | |  2.1
Stealth        | |  2.0
Spellcasting   | |  2.0
Conjurations   | |  1.3

Action                   || total
-------------------------++-------
Melee: Staff             ||     4
 Cast: Shock             ||    61
Armor: Robe              ||     2
Dodge: Dodged            ||    13

Table legend: (Time is in decaauts)
 A = Elapsed time spent in this place.
 B = Non-inter-level travel time spent in this place.
 C = Inter-level travel time spent in this place.
 D = Time resting spent in this place.
 E = Time spent auto-exploring this place.
 F = Levels seen in this place.
 G = Mean time per level.
                   A        B        C        D        E       F      G
               +--------+--------+--------+--------+--------+-----+--------+
         Total |   1054 |    505 |    549 |      0 |      0 |   2 |  527.0 |
       Dungeon |   1054 |    505 |    549 |      0 |      0 |   2 |  527.0 |
               +--------+--------+--------+--------+--------+-----+--------+

Top non-repeatable levels by time:
     D:1: 958 daAuts
     D:2: 95 daAuts
